 Dungeon Crawl Stone Soup version 0.18.1-8-gdd0e5ea (webtiles) character file.

12908 LORDOFBUTT the Cleaver (level 11, -2/101 HPs)
             Began as a Minotaur Fighter on June 8, 2016.
             Was an Initiate of Gozag.
             Slain by a deep troll earth mage (15 damage)
             ... on level 12 of the Dungeon.
             The game lasted 00:20:51 (9754 turns).

LORDOFBUTT the Cleaver (Minotaur Fighter)           Turns: 9754, Time: 00:20:51

Health: -2/101     AC: 13    Str: 25    XL:     11   Next: 68%
Magic:  10/10      EV: 13    Int:  5    God:    Gozag
Gold:   975        SH:  0    Dex: 13    Spells: 0 memorised, 10 levels left

rFire  + . .     SeeInvis .     g - +3 battleaxe (venom)
rCold  . . .     Gourm    .     a - +3 ring mail {rF+}
rNeg   + . .     Faith    .     (shield currently unavailable)
rPois  .         Spirit   .     (helmet restricted)
rElec  .         Dismiss  .     J - +2 cloak (curse)
rCorr  .         Reflect  .     (no gloves)
SustAt .         Harm     .     (no boots)
MR     .....                    (no amulet)
Stlth  +.........               k - +4 ring of strength
                                l - ring of positive energy

@: drained, not resistant to hostile enchantments, very unstealthy
A: retaliatory headbutt, horns 2
a: Potion Petition, Call Merchant, Bribe Branch, Renounce Religion


You were on level 12 of the Dungeon.
You worshipped Gozag.
Gozag was noncommittal.
You were not hungry.

You visited 3 branches of the dungeon, and saw 15 of its levels.

You collected 1807 gold pieces.
You spent 247 gold pieces at shops.
You paid 585 gold pieces to Gozag.

Inventory:

Hand Weapons
 g - a +3 battleaxe of venom (weapon)
Missiles
 c - a throwing net (quivered)
Armour
 a - a +3 ring mail of fire resistance (worn)
 b - a +0 scale mail
 J - a cursed +2 cloak (worn)
Magical Staves
 O - an uncursed staff of air {unknown}
Jewellery
 k - a +4 ring of strength (right hand)
 l - a ring of positive energy (left hand)
 A - an uncursed ring of resist corrosion
Wands
 j - a wand of paralysis (16/24)
 n - a wand of iceblast (4/15)
 s - a wand of lightning (7/15)
 w - a wand of flame (29/48)
 y - a wand of iceblast (8/15)
 E - a wand of flame (30/48)
 I - a wand of teleportation (5/9)
 M - a wand of acid (4/15)
Scrolls
 d - 2 scrolls of fear {unknown}
 m - 2 scrolls of immolation
 p - a scroll of enchant armour
 q - 3 scrolls of remove curse
 r - a scroll of teleportation
 t - 3 scrolls of magic mapping
 v - a scroll of noise
 B - 2 scrolls of random uselessness
 D - a scroll of enchant weapon
 G - a scroll of brand weapon {unknown}
Potions
 e - 2 potions of magic
 h - 2 potions of brilliance
 o - a potion of heal wounds
 x - a potion of mutation
 z - a potion of invisibility
 C - a potion of resistance {unknown}
 F - a potion of flight {unknown}
 H - a potion of curing
Books
 i - a book of the Dragon

   Spells                             Type                      Level
   a - Flame Tongue                   Conjuration/Fire             1
   b - Cause Fear                     Hexes                        4
   c - Bolt of Fire                   Conjuration/Fire             6
   d - Dragon Form                    Transmutation                7
   e - Dragon's Call                  Summoning                    9
 L - a book of Unlife

   Spells                             Type                      Level
   a - Recall                         Summoning/Translocation      3
   b - Animate Dead                   Necromancy                   4
   c - Control Undead                 Necromancy                   4
   d - Cigotuvi's Embrace             Necromancy                   5
   e - Death Channel                  Necromancy                   6
   f - Simulacrum                     Ice/Necromancy               6
Comestibles
 f - 6 bread rations
 u - 4 meat rations


   Skills:
 + Level 10.4(10.0) Fighting
 * Level 13.5(13.1) Axes
 + Level 10.5(10.1) Armour
 - Level 4.2(3.9) Dodging
 - Level 0.6(0.4) Stealth
   Level 10.7(10.4) Shields


You had 10 spell levels left.
You didn't know any spells.

Dungeon Overview and Level Annotations

Branches:
Dungeon (12/15)            Temple (1/1) D:7            Lair (2/8) D:9
    Orc: D:9-12

Altars:
Ashenzari
Cheibriados
Dithmenos
Elyvilon
Fedhas
Gozag
Kikubaaqudgha
Makhleb
Nemelex Xobeh
Okawaru
Pakellas
Qazlal
Ru
Sif Muna
Trog
Vehumet
Xom
Yredelemnul
Zin
The Shining One

Shops:
Lair:1 (   Lair:2 (


Innate Abilities, Weirdness & Mutations

You reflexively headbutt those who attack you in melee.
You have a pair of horns on your head.


Message History

You are too injured to fight recklessly!
You are too injured to fight recklessly!
You are too injured to fight recklessly!
You hit the deep troll earth mage but do no damage.
Your headbutt misses the deep troll earth mage.
The deep troll earth mage bites you.
* * * LOW HITPOINT WARNING * * *
The deep troll earth mage barely misses you.
The deep troll earth mage misses you.
Your ring mail prevents you from hitting the deep troll earth mage.
You headbutt the deep troll earth mage, but do no damage.
The deep troll earth mage completely misses you.
The deep troll earth mage claws you.
* * * LOW HITPOINT WARNING * * *
The deep troll earth mage closely misses you.
You slash the deep troll earth mage!
The deep troll earth mage is poisoned.
The deep troll earth mage is moderately wounded.
The deep troll earth mage bites you!
You die...
Your body crumbles into a pile of gold.

..############
.#..§≈≈§≈§§§≈
..≈§≈≈§§§§§
##≈≈§≈######
##≈≈≈8##....##
##≈≈§.##....@T#
#§§§.8#..####..#
#§§...').# $
..#§≈ #≈≈<..'..#
..#§§.#
#≈≈§.8#..#
..#§≈.#
##≈≈§.##....
.##§≈..
##§≈≈8##....##
≈.. ##§≈≈≈#####
## ##≈≈§≈≈≈≈§≈


You could see a deep troll earth mage.

Vanquished Creatures
  Harold (D:11)
  Erolcha (D:8)
  Urug (D:11)
  Sonja (D:11)
  Nergalle (D:11)
  Pikel (D:6)
  An obsidian statue (D:9)
  An orange crystal statue (D:9)
  Maurice (D:8)
  A merfolk (D:9)
  2 trolls
  A wyvern (D:10)
  A vampire (D:10)
  7 yaks (Lair:1)
  2 hippogriffs
  A steam dragon (D:11)
  Eustachio (D:6)
  2 hungry ghosts
  5 water moccasins (Lair:1)
  2 porcupines (Lair:1)
  5 ice beasts
  A phantom (D:5)
  2 sky beasts
  An eye of draining (D:11)
  6 ogres
  4 centaurs
  A crocodile (Lair:1)
  8 giant frogs
  2 big kobolds
  A wyvern zombie (D:6)
  A wyvern skeleton (D:10)
  A water moccasin skeleton (D:7)
  2 scorpions
  3 killer bees (D:8)
  3 wights (D:7)
  An electric eel (D:8)
  5 howler monkeys
  4 crimson imps
  2 centaur zombies
  A jelly (D:6)
  A lava snake (D:12)
  5 hounds
  A giant frog skeleton (D:10)
  3 orc priests
  2 centaur skeletons
  5 iguanas
  4 worker ants
  8 orc wizards
  A killer bee zombie (D:5)
  2 hound skeletons
  2 worker ant zombies
  12 gnolls
  12 adders
  16 river rats (Lair:1)
  2 shadow imps
  2 oozes
  2 adder skeletons
  5 worms
  5 giant geckos
  23 orcs
  5 giant cockroaches
  6 goblins
  5 hobgoblins
  3 jackals (D:2)
  14 kobolds
  2 quokkas
  3 ball pythons
  6 bats
  6 giant newts
  A quokka zombie (D:5)
  6 rats
  2 plants (D:8)
260 creatures vanquished.

Vanquished Creatures (others)
  A slave (D:6)
  An orc priest (D:6)
2 creatures vanquished.

Grand Total: 262 creatures vanquished

Notes
Turn   | Place    | Note
--------------------------------------------------------------
     0 | D:1      | LORDOFBUTT the Minotaur Fighter began the quest for the Orb.
     0 | D:1      | Reached XP level 1. HP: 19/19 MP: 0/0
   342 | D:1      | Reached XP level 2. HP: 25/27 MP: 1/1
   649 | D:2      | Reached XP level 3. HP: 27/33 MP: 2/2
   756 | D:2      | Reached skill level 3 in Axes
   850 | D:2      | Reached XP level 4. HP: 26/40 MP: 3/3
   857 | D:2      | Reached skill level 1 in Dodging
  1005 | D:2      | Found a bloodstained altar of Trog.
  1008 | D:2      | Found an ancient bone altar of Kikubaaqudgha.
  1011 | D:2      | Found a glowing golden altar of the Shining One.
  1337 | D:3      | Found a shimmering altar of Xom.
  1523 | D:3      | Found a faded altar to an unknown god.
  1530 | D:3      | Reached skill level 5 in Shields
  1799 | D:4      | Reached XP level 5. HP: 46/46 MP: 4/4
  1924 | D:4      | Reached skill level 4 in Axes
  1963 | D:4      | Reached XP level 6. HP: 53/53 MP: 5/5
  2303 | D:5      | Entered Level 5 of the Dungeon
  2309 | D:5      | Reached skill level 5 in Fighting
  2412 | D:5      | Reached XP level 7. HP: 37/61 MP: 6/6
  2569 | D:5      | Reached skill level 5 in Axes
  2569 | D:5      | Reached skill level 5 in Armour
  2731 | D:5      | Reached skill level 6 in Axes
  2895 | D:5      | Reached XP level 8. HP: 69/69 MP: 7/7
  2966 | D:6      | Noticed Eustachio
  2975 | D:6      | Killed Eustachio
  3136 | D:6      | Noticed Pikel
  3146 | D:6      | Killed Pikel
  3146 | D:6      | Reached skill level 7 in Axes
  3146 | D:6      | Reached skill level 8 in Axes
  3278 | D:6      | Reached XP level 9. HP: 36/78 MP: 8/8
  3737 | D:7      | Reached skill level 9 in Axes
  3752 | D:7      | Found a staircase to the Ecumenical Temple.
  3772 | Temple   | Entered the Ecumenical Temple
  3920 | Temple   | Became a worshipper of Gozag Ym Sagoz the Greedy
  4489 | D:8      | Noticed Erolcha
  4504 | D:8      | Killed Erolcha
  4504 | D:8      | Reached skill level 10 in Axes
  4615 | D:8      | Found a white marble altar of Elyvilon.
  4634 | D:8      | Noticed Maurice
  4661 | D:8      | Killed Maurice
  4661 | D:8      | Reached XP level 10. HP: 39/88 MP: 9/9
  5377 | D:9      | Found a shimmering altar of Xom.
  5379 | D:9      | Found a blossoming altar of Fedhas.
  5419 | D:9      | Found a staircase to the Lair.
  5581 | D:9      | Noticed an orange crystal statue
  5608 | D:9      | Killed an orange crystal statue
  5608 | D:9      | Reached skill level 11 in Axes
  6040 | D:9      | Noticed an obsidian statue
  6042 | D:9      | Noticed a soul eater
  6411 | D:9      | Killed an obsidian statue
  6527 | D:10     | Entered Level 10 of the Dungeon
  7032 | D:10     | Reached skill level 12 in Axes
  7108 | D:10     | Reached skill level 10 in Shields
  7348 | D:11     | Noticed Urug
  7370 | D:11     | Killed Urug
  7370 | D:11     | Reached XP level 11. HP: 35/97 MP: 10/10
  7432 | D:11     | Noticed Sonja
  7861 | D:11     | Killed Sonja
  7933 | D:11     | Noticed Harold
  8078 | Lair:1   | Entered Level 1 of the Lair of Beasts
  8660 | Lair:1   | Reached skill level 10 in Armour
  8713 | Lair:1   | Reached skill level 10 in Fighting
  8719 | Lair:1   | Noticed a four-headed hydra
  8845 | Lair:1   | Bought a glowing battleaxe for 247 gold pieces
  8985 | Lair:1   | Reached skill level 13 in Axes
  9279 | D:11     | Found a burning altar of Makhleb.
  9335 | D:11     | Killed Harold
  9576 | D:11     | Noticed Nergalle
  9625 | D:11     | Killed Nergalle
  9750 | D:12     | Noticed a deep troll earth mage
  9754 | D:12     | Slain by a deep troll earth mage

Skill      XL: |  1  2  3  4  5  6  7  8  9 10 11 |
---------------+----------------------------------+-----
Shields        | 4 5 6 7 8 10 | 10.7
Fighting       | 4 5 6 8 9 10 | 10.4
Armour         | 4 5 6 8 9 10 | 10.5
Axes           | 3 4 6 8 10 12 13 | 13.5
Dodging        | 1 2 3 4 |  4.2
Stealth        | |  0.6

Action                   |  1- 3 |  4- 6 |  7- 9 | 10-12 || total
-------------------------+-------+-------+-------+-------++-------
Melee: War axe           |    54 |   118 |   181 |   347 ||   700
       Headbutt          |    12 |    16 |    35 |    89 ||   152
       Battleaxe         |       |       |       |    46 ||    46
Throw: Throwing net      |       |       |       |     1 ||     1
Invok: Potion Petition   |       |       |     1 |       ||     1
       Call Merchant     |       |       |       |     1 ||     1
Evoke: Wand              |       |       |       |     3 ||     3
  Use: Scroll            |       |    16 |     3 |    14 ||    33
       Potion            |       |       |     2 |    11 ||    13
 Stab: Distracted        |       |       |       |     2 ||     2
  Eat: Fruit             |       |     3 |     6 |       ||     9
       Pizza             |       |     1 |       |     2 ||     3
       Bread ration      |       |     1 |     1 |       ||     2
       Meat ration       |       |       |     1 |     1 ||     2
       Beef jerky        |       |       |       |     2 ||     2
Armor: Scale mail        |    27 |    39 |    40 |    83 ||   189
       Ring mail         |       |       |       |    15 ||    15
       Skin              |       |       |       |    14 ||    14
Dodge: Dodged            |    18 |    37 |    57 |   168 ||   280
Block: Shield            |    40 |    65 |    93 |   229 ||   427
